[Event "*** Titled Tuesday 3|2 Blitz (Early)"]
[Site "Chess.com"]
[Date "2017.01.03"]
[Round "1"]
[White "jcgs1030"]
[Black "Chopper1905"]
[Result "0-1"]
[WhiteElo "2325"]
[BlackElo "2603"]
[TimeControl "180+2"]
[EndTime "11:07:48 PST"]
[Termination "Chopper1905 won by resignation"]

1. e4 e5 2. Nf3 Nc6 3. Bb5 a6 4. Ba4 Nf6 5. O-O Be7 6. Re1 b5 7. Bb3 d6 8. a3 O-O 9. h3 Be6 10. Bxe6 fxe6 11. d4 exd4 12. Nxd4 Nxd4 13. Qxd4 e5 14. Qd3 Nh5 15. c4 Bg5 16. cxb5 Bxc1 17.
Rxc1 Nf4 18. Qf1 Qg5 19. Kh1 Ne2 20. Rc3 Nxc3 21. Nxc3 axb5 22. Nxb5 Qd2 23. Nxc7 Rac8 24. Rd1 Qxb2 25. Nd5 Rc2 26. f3 Qxa3 27. Ra1 Qc5 28. Rd1 h6 29. Ne7+ Kh7 30. Nf5 Rb8 31. Qe1 Rbb2 32.
Qg3 Rxg2 0-1

[Event "*** Titled Tuesday 3|2 Blitz (Early)"]
[Site "Chess.com"]
[Date "2017.01.03"]
[Round "1"]
[White "underdogchss"]
[Black "AlexanderL"]
[Result "0-1"]
[WhiteElo "2306"]
[BlackElo "2590"]
[TimeControl "180+2"]
[EndTime "11:07:49 PST"]
[Termination "AlexanderL won by resignation"]

1. d4 e6 2. Nf3 c5 3. c3 Nf6 4.
Bg5 d5 5. Nbd2 Be7 6. Bxf6 Bxf6 7. dxc5 Nd7 8. e4 Nxc5 9. e5 Be7 10. Bb5+ Bd7 11. Bxd7+ Qxd7 12. O-O O-O 13. Qe2 b5 14. Nd4 Rab8 15. N2b3 Na4 16. f4 b4 17. cxb4 Rxb4 18. Kh1 Nc5 19. Nxc5 Bxc5 20. Nb3 Bb6 21. Rac1 Qa4 22. Ra1 Rxf4 23. Rxf4 Qxf4 24. Rf1 Qa4 25.
Nc1 Rc8 26. b3 Qe4 27. Qa6 Rc7 28. Nd3 h6 29. Qb5 Rc2 30. Ne1 Rf2 31. Nf3 Rxf1+ 32. Qxf1 Bd4 33. Nxd4 Qxd4 34. Qe1 Qb2 35. h3 Qxa2 36.
Qb4 Qa1+ 37. Kh2 Qxe5+ 0-1

[Event "*** Titled Tuesday 3|2 Blitz (Early)"]
[Site "Chess.com"]
[Date "2017.01.03"]
[Round "1"]
[White "iturrizaga"]
[Black "sorito"]
[Result "1-0"]
[WhiteElo "2625"]
[BlackElo "2339"]
[TimeControl "180+2"]
[EndTime "11:07:54 PST"]
[Termination "iturrizaga won by resignation"]

1. Nf3 e6 2. c4 d5 3. g3 Nf6 4.
Bg2 Be7 5. O-O O-O 6. d4 Nbd7 7.
Qc2 a6 8. b3 dxc4 9. bxc4 c5 10. Rd1 cxd4 11. Nxd4 Qc7 12. Bb2 Nc5 13. Nc3 Bd7 14. h3 Rfd8 15. Rab1 Rac8 16. e3 Be8 17. Ba1 h5 18. h4 Bc6 19. Nxc6 bxc6 20. Na4 Rxd1+ 21.
Rxd1 Qa5 22. Nxc5 Qxc5 23. Bd4 Qa5 24. Bc3 Qc5 25. Qa4 Qa3 26. Qxa3 Bxa3 27. Rb1 Rd8 28. Bf3 Rd3 29. Rb8+ Bf8 30. Bxf6 gxf6 31. Bxc6 Rc3 32. Rb7 Rxc4 33. Be8 Rc2 34. Bxf7+ Kh8 35.
Bxe6 a5 36. Rb5 Bb4 37. Rxh5+ Kg7 38. Rh7+ Kf8 39. Bb3 Rc1+ 40. Kg2 Bc3 41. h5 Rb1 42. h6 Rb2 43. Rf7+ Ke8 44. h7 f5 45. Rxf5 Kd8 46.
Rd5+ Ke7 47. Rd4 Bxd4 48. exd4 1-0

[Event "*** Titled Tuesday 3|2 Blitz (Early)"]
[Site "Chess.com"]
[Date "2017.01.03"]
[Round "1"]
[White "rubhani"]
[Black "MrReinberg"]
[Result "1-0"]
[WhiteElo "2404"]
[BlackElo "1935"]
[TimeControl "180+2"]
[EndTime "11:07:57 PST"]
[Termination "rubhani won on time"]

1. e4 c5 2. Nf3 g6 3. d4 cxd4 4.
Nxd4 Nf6 5. Nc3 d6 6. f3 Bg7 7. Be3 O-O 8. Qd2 Nc6 9. O-O-O d5 10. Qe1 Nxd4 11. Bxd4 e6 12. g4 dxe4 13. g5 Nd5 14. Bxg7 Qxg5+ 15. Kb1 Kxg7 16. Nxe4 Qe5 17. Bc4 Nf6 18. h4 Nxe4 19. fxe4 b5 20. Bd3 Bb7 21. h5 Rad8 22. hxg6 hxg6 23. Qh4 Rh8 24. Qe7 Rxh1 25. Rxh1 Bxe4 26. Rf1 Rf8 27. Re1 Rh8 28. a3 Rh5 29. Rxe4 Rh1+ 30. Ka2 Qd5+ 31. b3 Rd1 32. Rf4 e5 33. Rg4 Rxd3 34. cxd3 1-0

[Event "*** Titled Tuesday 3|2 Blitz (Early)"]
[Site "Chess.com"]
[Date "2017.01.03"]
[Round "1"]
[White "Ginger_GM"]
[Black "visa"]
[Result "1-0"]
[WhiteElo "2458"]
[BlackElo "2162"]
[TimeControl "180+2"]
[EndTime "11:08:05 PST"]
[Termination "Ginger_GM won on time"]

1. d4 e6 2. Bf4 b6 3. e4 Bb7 4.
Nd2 Qf6 5. Be3 c5 6. Ngf3 Nc6 7. d5 exd5 8. exd5 Ne5 9. Be2 Bxd5 10. O-O Nxf3+ 11.
Bxf3 Qc6 12. Re1 O-O-O 13. Bxd5 Qxd5 14. Qe2 Nf6 15. a4 Qb7 16. a5 b5 17. a6 Qc6 18. c4 b4 19. Ra5 d6 20. Nb3 Nd7 21. Qg4 h5 22. Qf5 f6 23. Rb5 Re8 24. Na5 Qe4 25.
Qxe4 Rxe4 26. Nc6 Rxc4 27. Nxa7+ Kd8 28. Nc6+ Kc7 29. a7 Nb6 30. Rxb6 Be7 31. Rb8 1-0

[Event "*** Titled Tuesday 3|2 Blitz (Early)"]
[Site "Chess.com"]
[Date "2017.01.03"]
[Round "1"]
[White "Jahonas"]
[Black "andretta"]
[Result "0-1"]
[WhiteElo "2160"]
[BlackElo "2451"]
[TimeControl "180+2"]
[EndTime "11:08:06 PST"]
[Termination "andretta won by resignation"]

1. d4 d5 2. c4 dxc4 3. Nc3 a6 4. a4 Nc6 5. e3 Na5 6. Nf3 Nf6 7. Ne5 Be6 8. e4 Qd6 9. f4 Rd8 10. d5 Qc5 11. Qe2 Bc8 12. Nxc4 Nxc4 13. Qxc4 e6 14. Qxc5 Bxc5 15. Bc4 exd5 16. Bxd5 O-O 17.
Bb3 Nxe4 18. Nxe4 Rfe8 19. Bc2 Bf5 20. Bd2 Bxe4 21. O-O-O Bxc2 22. Kxc2 Re2 23. Kc3 Bb4+ 24. Kxb4 Rdxd2 25. Rxd2 Rxd2 26. b3 Kf8 27. g3 Ke7 28. Kc3 Rd6 29. b4 Kd7 30. b5 axb5 31. axb5 b6 32.
Ra1 Re6 33. Kd3 Rd6+ 34. Kc3 Rh6 35. Ra2 Rh5 36. Kc4 Rc5+ 37. Kb4 Rc1 38. Rd2+ Ke7 39. Rd5 Rc2 40. Rh5 h6 41. g4 Rg2 42. g5 hxg5 43.
fxg5 g6 44. Rh7 Rxg5 0-1

[Event "*** Titled Tuesday 3|2 Blitz (Early)"]
[Site "Chess.com"]
[Date "2017.01.03"]
[Round "1"]
[White "Ilja_Semjonovs"]
[Black "RitvarsReimanis"]
[Result "0-1"]
[WhiteElo "2134"]
[BlackElo "2445"]
[TimeControl "180+2"]
[EndTime "11:08:22 PST"]
[Termination "RitvarsReimanis won by resignation"]

1. d4 Nf6 2. Nf3 e6 3. Bg5 d5 4. e3 Be7 5. Nbd2 h6 6. Bxf6 Bxf6 7. Bd3 O-O 8. c3 b6 9. O-O Bb7 10. Qe2 c5 11. a3 Nc6 12. b4 e5 13. dxe5 Nxe5 14.
Nxe5 Bxe5 15. Rac1 Re8 16. Nf3 Bc7 17. Rfd1 Qf6 18.
Bb1 Rad8 19. bxc5 bxc5 20. Qc2 g6 21. Nd2 Re5 22. g3 h5 23. Nb3 Bd6 24. Na5 Ba8 25. Qa4 Bc7 26. Bd3 c4 27. Bf1 Qa6 28. Bxc4 Qxa5 29.
Qxa5 Bxa5 30. Bf1 Rc8 31. c4 dxc4 32. Rxc4 Rxc4 33. Bxc4 Rc5 34. Bf1 Bf3 35. Rd7 Bb6 0-1

[Event "*** Titled Tuesday 3|2 Blitz (Early)"]
[Site "Chess.com"]
[Date "2017.01.03"]
[Round "1"]
[White "capatl"]
[Black "Dlugy"]
[Result "0-1"]
[WhiteElo "2354"]
[BlackElo "2653"]
[TimeControl "180+2"]
[EndTime "11:08:24 PST"]
[Termination "Dlugy won by resignation"]

1. c4 Nf6 2. Nc3 g6 3. g3 Bg7 4. Bg2 O-O 5. Nf3 d6 6. d4 c6 7. O-O Qa5 8. h3 e5 9. Be3 Nbd7 10. a3 e4 11. b4 Qd8 12. Nd2 d5 13. Bg5 h6 14. Bxf6 Nxf6 15. e3 Be6 16. Qe2 Qd7 17. Kh2 h5 18. Nb3 b6 19. cxd5 cxd5 20. Qb5 Rfc8 21. Qxd7 Bxd7 22. Rfc1 Bf8 23. Bf1 a6 24. Ne2 Bd6 25. Rxc8+ Rxc8 26. Rc1 h4 27. Rxc8+ Bxc8 28. Kg2 hxg3 29. Nxg3 Ne8 30. Ne2 Nc7 31. Nc3 f5 32.
Na4 Na8 33. Nd2 Kf7 34. Nb1 g5 35. Nbc3 Ke6 36. b5 a5 37. Nb1 f4 38. Nac3 f3+ 39. Kg1 Bd7 40. a4 Nc7 41. Nd2 Bb4 42. Ndxe4 dxe4 43. Nxe4 Be7 44. Bc4+ Kf5 45. Ng3+ Kg6 46.
Kh2 Bd6 47. Bd3+ Kf6 48. Be4 Be6 49. Bxf3 Bb3 50. Kg2 Bxg3 51. Kxg3 Bxa4 52. Bc6 Bxb5 53. Bf3 a4 54. e4 a3 55. e5+ Ke7 0-1

[Event "*** Titled Tuesday 3|2 Blitz (Early)"]
[Site "Chess.com"]
[Date "2017.01.03"]
[Round "1"]
[White "Mepetmepe"]
[Black "Zlatan56"]
[Result "0-1"]
[WhiteElo "2376"]
[BlackElo "2679"]
[TimeControl "180+2"]
[EndTime "11:08:25 PST"]
[Termination "Zlatan56 won by checkmate"]

1. d4 Nf6 2. Bf4 d5 3. e3 c5 4. c3 Nc6 5. Nf3 e6 6. Nbd2 Bd6 7. Bg3 O-O 8. Bd3 b6 9. Qe2 Bb7 10. O-O Re8 11. Ne5 Qc7 12. f4 Ne7 13. Bh4 Ne4 14. Bxe7 Rxe7 15. Bxe4 dxe4 16. a4 Rd8 17. a5 cxd4 18. exd4 f6 19. Nec4 Bxf4 20. axb6 axb6 21. Nxe4 Bxh2+ 22. Kh1 Bf4 23. Ncd2 e5 24.
Qg4 Bxd2 25. Nxd2 exd4 26. cxd4 Qc2 27. Rae1 Rxe1 28. Rxe1 Bd5 29. Nf3 Qg6 30. Qh3 Re8 31. Rxe8+ Qxe8 32. Ng1 h6 33. Qg3 Qe4 34. Nh3 Qxd4 35.
Nf4 Bf7 36. Kh2 Qxb2 37. Qe3 Qe5 38. Qxe5 fxe5 39. Nd3 e4 40. Nb4 g5 41. Kg3 Kg7 42. Kf2 Kf6 43. Ke3 Kf5 44. Nc6 Bd5 45. Ne7+ Ke6 46.
Nc8 b5 47. Nb6 b4 48. Na4 b3 49. Kd4 Kd6 50. g3 h5 51. Ke3 h4 52. gxh4 gxh4 53.
Kf4 h3 54. Kg3 e3 55. Nc3 b2 56. Kxh3 e2 57. Nxe2 b1=Q 58. Nf4 Qh1+ 59. Kg3 Qf3+ 60.
Kh4 Qxf4+ 61. Kh5 Bf7# 0-1

[Event "*** Titled Tuesday 3|2 Blitz (Early)"]
[Site "Chess.com"]
[Date "2017.01.03"]
[Round "1"]
[White "Morpheus4"]
[Black "petrpalachev"]
[Result "0-1"]
[WhiteElo "2020"]
[BlackElo "2418"]
[TimeControl "180+2"]
[EndTime "11:08:25 PST"]
[Termination "petrpalachev won by resignation"]

1. e4 e6 2. d4 d5 3. Nc3 Nf6 4. Bd3 c5 5. dxc5 dxe4 6. Nxe4 Nxe4 7.
Bxe4 Qxd1+ 8. Kxd1 Bxc5 9. Ke2 Nc6 10. c3 f5 11. Bxc6+ bxc6 12. Be3 Ba6+ 13. Ke1 Bxe3 14.
fxe3 Ke7 15. Nf3 Kf6 16. Kf2 g5 17. Rhd1 Rhd8 18. Nd4 c5 19. Nc6 Rdc8 20. Rd6 Bb7 21. Na5 Bd5 22. c4 Ke7 23. Ra6 Be4 24. Rd1 Rd8 25. Rxd8 Rxd8 26. Rxa7+ Kf6 27. Ke2 Bxg2 28. Rxh7 Ra8 29. Nb3 Rxa2 30. Nxc5 Rxb2+ 31. Kd3 Bf1+ 32. Kc3 Re2 33. Nd7+ Kg6 34. Re7 Rxe3+ 35. Kd4 Re4+ 36. Kc5 Bxc4 37. Nb6 Bb3 38. Re8 g4 39. Rh8 f4 40.
Nd7 f3 41. Rf8 Kg5 42. Kd6 Rd4+ 43. Ke5 Rxd7 44. Rg8+ Kh6 45. Rh8+ Kg7 46. Rh4 Rd5+ 47. Ke4 Rg5 48. Kf4 Rf5+ 49. Kg3 f2 50. Rxg4+ Kf6 0-1

[Event "*** Titled Tuesday 3|2 Blitz (Early)"]
[Site "Chess.com"]
[Date "2017.01.03"]
[Round "1"]
[White "hsskoo"]
[Black "jb2mix"]
[Result "0-1"]
[WhiteElo "1906"]
[BlackElo "2398"]
[TimeControl "180+2"]
[EndTime "11:08:28 PST"]
[Termination "jb2mix won on time"]

1. e4 e5 2. Nf3 Nc6 3. Bb5 a6 4.
Ba4 Nf6 5. O-O b5 6. Bb3 Bb7 7.
Re1 Bc5 8. c3 d6 9. d4 Bb6 10. a4 O-O 11. axb5 axb5 12. Rxa8 Qxa8 13. Bg5 Qd8 14. Na3 exd4 15. cxd4 h6 16. Bh4 Re8 17. Nxb5 g5 18. Nxg5 hxg5 19. Bxg5 Kg7 20. Qf3 Nxd4 21. Qg3 Nh5 22. Qh4 f6 23. Qxh5 fxg5 24. Qf7+ Kh6 25.
Nxd4 Bxd4 26. h4 gxh4 27. Rd1 Rf8 0-1

[Event "*** Titled Tuesday 3|2 Blitz (Early)"]
[Site "Chess.com"]
[Date "2017.01.03"]
[Round "1"]
[White "Sanan_Sjugirov"]
[Black "PelinGorki"]
[Result "1-0"]
[WhiteElo "2649"]
[BlackElo "2361"]
[TimeControl "180+2"]
[EndTime "11:08:35 PST"]
[Termination "Sanan_Sjugirov won by resignation"]

1. d4 Nf6 2. Nf3 d6 3. Bg5 Bg4 4. Nbd2 Nbd7 5. h3 Bh5 6. e3 c6 7. Be2 e6 8. O-O Be7 9. c4 O-O 10. Bf4 d5 11. Rc1 Re8 12. a3 a5 13. Qb3 Qc8 14.
Rfe1 h6 15. Bd3 Nf8 16. Ne5 N6d7 17. Ndf3 a4 18. Qc2 Nxe5 19. Nxe5 Bf6 20. e4 Bxe5 21. Bxe5 Qd7 22. exd5 exd5 23. Bf5 Qd8 24. cxd5 Qxd5 25. Be4 Qd7 26. Qc4 Bg6 27. Bf3 Kh7 28. d5 cxd5 29.
Qxd5 Qxd5 30. Bxd5 Ra5 31. Rcd1 Bc2 32. Rd2 Bb3 33.
Be4+ f5 34. Bc3 fxe4 35. Bxa5 Re5 36. Bc3 Re6 37. Rd8 Ng6 38. Rd7 1-0

[Event "*** Titled Tuesday 3|2 Blitz (Early)"]
[Site "Chess.com"]
[Date "2017.01.03"]
[Round "1"]
[White "Rozum_Ivan"]
[Black "bivark"]
[Result "0-1"]
[WhiteElo "2587"]
[BlackElo "2348"]
[TimeControl "180+2"]
[EndTime "11:08:36 PST"]
[Termination "bivark won by resignation"]

1. d4 d5 2. Nf3 Nf6 3. c4 c6 4. e3 a6 5. Bd3 Bg4 6. Nbd2 e6 7. h3 Bh5 8. b3 Nbd7 9. Bb2 Bd6 10. Qc2 Bg6 11. O-O O-O 12. a3 Bxd3 13. Qxd3 Qe7 14. b4 Rfe8 15. c5 Bc7 16. Rfe1 e5 17.
e4 dxe4 18. Nxe4 Nxe4 19. Qxe4 Nf6 20. Qh4 e4 21. Ne5 Rad8 22. Re3 Nd5 23. Qxe7 Rxe7 24. Re2 f6 25. Nc4 Rde8 26. Ne3 Nf4 27. Rd2 Nd3 28.
Bc3 Bf4 29. Re2 Bxe3 30. fxe3 Rd7 31. a4 f5 32. Rea2 f4 33. exf4 Nxf4 34. b5 axb5 35.
axb5 cxb5 36. Kf2 e3+ 37. Ke1 e2 38. Kf2 Nd3+ 39. Kg3 e1=Q+ 40. Bxe1 Rxe1 41. Rxe1 Nxe1 42. Kf2 Nd3+ 43. Ke3 Nb4 44. Rb2 Nd5+ 45. Kd3 b4 46. Kc4 Kf7 47. Rf2+ Kg6 48. Re2 Kf6 49. g3 g5 50. Rf2+ Kg6 51. Re2 h5 52. Re6+ Kf7 53. Re5 Nc7 54. Rxg5 Rxd4+ 55. Kb3 Rd5 0-1

[Event "*** Titled Tuesday 3|2 Blitz (Early)"]
[Site "Chess.com"]
[Date "2017.01.03"]
[Round "1"]
[White "Malev212"]
[Black "Imre91"]
[Result "1/2-1/2"]
[WhiteElo "2388"]
[BlackElo "2675"]
[TimeControl "180+2"]
[EndTime "11:08:37 PST"]
[Termination "Game drawn by agreement"]

1. e4 e6 2. d4 d5 3. exd5 exd5 4.
Nf3 Nf6 5. Bd3 Bd6 6. h3 O-O 7. O-O Ne4 8. c4 c6 9. cxd5 cxd5 10. Nc3 Nxc3 11. bxc3 Nc6 12. Re1 h6 13. Bc2 Ne7 14.
Ne5 Bf5 15. Bxf5 Nxf5 16. Qf3 Ne7 17. Bf4 Rc8 18. Rac1 Kh7 19. Qh5 Ng6 20. Bg3 Bxe5 21. dxe5 Qd7 22. f4 Ne7 23. Bf2 Rc4 24. Qf3 Rfc8 25.
Bxa7 Qf5 26. Rf1 Ra4 27. Qf2 Nc6 28. Bc5 Na5 29. g4 Qd3 30. Qe3 Qxe3+ 31. Bxe3 Nc4 32. Bd4 Rxa2 33. Rf2 Rca8 34. f5 b5 35. Re1 Kg8 36. e6 Ra1 37. Rff1 Rxe1 38. Rxe1 Nd2 39.
exf7+ Kxf7 40. Re6 Nf3+ 41. Kf2 Nxd4 42. cxd4 Rb8 43.
Ke3 b4 44. Kd2 b3 45. Kc1 Rb4 46. Kb2 Rxd4 47. Kxb3 Rd3+ 48. Kb4 Rxh3 49. Kc5 Rg3 50. Rg6 h5 51. gxh5 Rxg6 52. fxg6+ Kf6 53. h6 gxh6 54. Kxd5 Kxg6 55. Ke4 1/2-1/2

[Event "*** Titled Tuesday 3|2 Blitz (Early)"]
[Site "Chess.com"]
[Date "2017.01.03"]
[Round "1"]
[White "Firebullet"]
[Black "Fablibi"]
[Result "1-0"]
[WhiteElo "2292"]
[BlackElo "2482"]
[TimeControl "180+2"]
[EndTime "11:08:41 PST"]
[Termination "Firebullet won by resignation"]

1. d4 Nf6 2. c4 g6 3. f3 Bg7 4. e4 d6 5. Nc3 c6 6. Be3 a6 7. Qd2 b5 8. Bd3 Nbd7 9. Nge2 O-O 10. O-O bxc4 11. Bxc4 d5 12. Bb3 Nb6 13. e5 Ne8 14. Rac1 Nc7 15. Na4 Nc4 16. Bxc4 dxc4 17. Rxc4 Be6 18. Rxc6 Bd7 19. Rc4 Bb5 20. b3 Bxc4 21.
bxc4 Ne6 22. d5 Nc7 23. f4 f6 24. e6 f5 25. Nb6 Rb8 26. a4 Nxe6 27. a5 Nc7 28.
Nd4 Kh8 29. Nc6 Qd6 30. c5 Qf6 31. Bd4 Qf7 32. Nxb8 Rxb8 33. d6 exd6 34. cxd6 Nb5 35. Bxg7+ Kxg7 36. Re1 Kg8 37. Re7 Qb3 38. d7 Kf8 39.
d8=Q+ 1-0

[Event "*** Titled Tuesday 3|2 Blitz (Early)"]
[Site "Chess.com"]
[Date "2017.01.03"]
[Round "1"]
[White "ChristopherYoo"]
[Black "AndrBaryshpolets"]
[Result "1-0"]
[WhiteElo "2067"]
[BlackElo "2413"]
[TimeControl "180+2"]
[EndTime "11:08:57 PST"]
[Termination "ChristopherYoo won by resignation"]

1. e4 e5 2. Nf3 Nc6 3. Bb5 Nf6 4.
O-O Nxe4 5. d4 Nd6 6. Bxc6 dxc6 7. dxe5 Nf5 8. Qxd8+ Kxd8 9. Rd1+ Ke8 10. Nc3 Ne7 11. h3 Ng6 12. Be3 Bb4 13. a3 Bxc3 14. bxc3 b6 15.
Rd2 Nf8 16. Rad1 Bd7 17. Ng5 Be6 18. Nxe6 Nxe6 19. f4 g6 20. g4 Rd8 21. f5 Rxd2 22. Rxd2 gxf5 23. gxf5 Rg8+ 24. Kf1 Nd8 25. Bf4 Nb7 26. Kf2 Nc5 27. Kf3 Rg1 28. Be3 Rf1+ 29. Kg4 Ne4 30. Rd3 c5 31. h4 f6 32. e6 Nd6 33.
Bf4 Rg1+ 34. Rg3 h5+ 35. Kxh5 Rxg3 36. Bxg3 Nxf5 37. Bxc7 Ng7+ 38. Kg6 Nxe6 39. Bb8 a6 40. Kxf6 Nf8 41. h5 Nd7+ 42. Kg7 Nxb8 43. h6 Nd7 44. h7 1-0

[Event "*** Titled Tuesday 3|2 Blitz (Early)"]
[Site "Chess.com"]
[Date "2017.01.03"]
[Round "1"]
[White "Frolyanov_D"]
[Black "Rickstereo"]
[Result "1-0"]
[WhiteElo "2451"]
[BlackElo "2160"]
[TimeControl "180+2"]
[EndTime "11:09:00 PST"]
[Termination "Frolyanov_D won by resignation"]

1. e4 c5 2. Nf3 Nc6 3. Nc3 Nf6 4.
Bb5 d6 5. O-O Bd7 6. Re1 e5 7.
Nd5 Be7 8. c3 O-O 9. Nxe7+ Qxe7 10.
h3 a6 11. Bf1 h6 12. d4 cxd4 13. cxd4 Rac8 14. a3 Rfd8 15. d5 Na5 16. Bd2 Nc4 17.
Bc3 b5 18. a4 bxa4 19. Nd2 Nxd2 20. Qxd2 Bb5 21. Bd3 Qd7 22. Bc2 Rc4 23. Ra3 Rdc8 24.
f3 Qa7+ 25. Kh2 Nh5 26. Rea1 Qe7 27. Qf2 Qg5 28. Bxa4 Nf4 29. Bxb5 axb5 30. Ra8 Rxa8 31. Rxa8+ Kh7 32. Rb8 Qf6 33. Rxb5 Rc7 34. Rb6 Nh5 35.
g3 Qg5 36. h4 Qg6 37. Bxe5 Rc1 38. Rxd6 f6 39. g4 Qe8 40. Re6 Qc8 41. Rc6 Qd7 42. Rxc1 1-0

[Event "*** Titled Tuesday 3|2 Blitz (Early)"]
[Site "Chess.com"]
[Date "2017.01.03"]
[Round "1"]
[White "Blitzstream"]
[Black "HovmoellerHest"]
[Result "1-0"]
[WhiteElo "2529"]
[BlackElo "2227"]
[TimeControl "180+2"]
[EndTime "11:09:02 PST"]
[Termination "Blitzstream won by resignation"]

1. d4 Nf6 2. Bg5 Ne4 3. Bh4 d5 4. f3 Nf6 5. c4 c6 6. Nc3 dxc4 7. e4 b5 8. a4 b4 9. Nb1 Be6 10. a5 g6 11. Bf2 Bg7 12. Nd2 O-O 13. Bxc4 Bxc4 14.
Nxc4 Na6 15. Ne2 e6 16. O-O Qe7 17. Ne5 Rfc8 18. Qd3 Qb7 19. Rfc1 Ne8 20. Nc4 Nac7 21. Bg3 Qb5 22. Qb3 Rd8 23. Rd1 Rac8 24. a6 Nxa6 25. Ra5 Qb7 26. Qa4 Nac7 27. Rxa7 Qb5 28.
b3 Qxa4 29. Rxa4 Nb5 30. Bf2 Nxd4 31. Nxd4 c5 32. Kf1 Nc7 33. Ke2 Bxd4 34. Bxd4 cxd4 35.
Rxb4 Na6 36. Rb5 Nc5 37. Ne5 f6 38. Ng4 d3+ 39. Ke3 Rf8 40. b4 Na4 41. Rxd3 Nb2 42.
Rd7 f5 43. Nh6+ Kh8 44. Rbb7 Nc4+ 45. Kf2 1-0

[Event "*** Titled Tuesday 3|2 Blitz (Early)"]
[Site "Chess.com"]
[Date "2017.01.03"]
[Round "1"]
[White "Wolverine_master"]
[Black "poummba"]
[Result "0-1"]
[WhiteElo "2030"]
[BlackElo "2428"]
[TimeControl "180+2"]
[EndTime "11:09:12 PST"]
[Termination "poummba won on time"]

1. Nf3 g6 2. g3 Bg7 3. Bg2 d6 4. c4 e5 5. O-O Nc6 6. Nc3 Nf6 7. d3 O-O 8. Rb1 a5 9. a3 Nd4 10. Bg5 c6 11. b4 axb4 12. axb4 h6 13. Bxf6 Bxf6 14.
Nd2 Ra3 15. Rc1 Bg7 16. e3 Ne6 17. b5 Nc5 18. Ndb1 Ra1 19. bxc6 bxc6 20. Bxc6 Bh3 21.
Bg2 Bxg2 22. Kxg2 Qa8+ 23. Nd5 e4 24. dxe4 Nxe4 25. Nd2 Rxc1 26. Qxc1 Nc5 27. Qc2 Rb8 28. Rb1 Re8 29. Nb3 Ne4 30. Nc7 Qc6 31. Nxe8 Ng5+ 32. e4 Nxe4 33. f3 Ng5 34. Rf1 Qxe8 35. Qd3 Qa4 36. Nd4 Qd7 37. g4 Qa7 38. Rf2 Bxd4 39. Re2 Ne6 40. Qe4 Be5 41. Rd2 Nf4+ 42. Kf1 Qa1+ 0-1

[Event "*** Titled Tuesday 3|2 Blitz (Early)"]
[Site "Chess.com"]
[Date "2017.01.03"]
[Round "1"]
[White "ZhuChenChess"]
[Black "Tesla37"]
[Result "0-1"]
[WhiteElo "2337"]
[BlackElo "2616"]
[TimeControl "180+2"]
[EndTime "11:09:13 PST"]
[Termination "Tesla37 won by resignation"]

1. d4 Nf6 2. c4 d6 3. Nc3 Nbd7 4.
e4 e5 5. Nf3 c6 6. Be2 g6 7. O-O Bg7 8. Re1 O-O 9. Bf1 h6 10.
h3 Nh7 11. dxe5 dxe5 12. b3 Qe7 13. a4 a5 14. Ba3 Nc5 15. Qc2 b6 16. b4 axb4 17.
Bxb4 Be6 18. Reb1 Rfd8 19. a5 bxa5 20. Ba3 Qa7 21. Bb4 Nb7 22. Qa4 Rdc8 23. Ba3 Nc5 24. Qc2 Rcb8 25. Na4 Nxa4 26. Qxa4 Qc7 27. Bc5 Rxb1 28.
Rxb1 Bf8 29. Bb6 Qb8 30. Nd2 Bd7 31. c5 Qe8 32. Bc4 Ng5 33. Ra1 Qe7 34. Qb3 Nxh3+ 35. gxh3 Qg5+ 36. Qg3 Qxd2 37. Qxg6+ Kh8 38. Qxf7 Bg7 39.
Ra3 Rf8 40. Qe7 Qxf2+ 41. Kh1 Qe1+ 42. Kg2 Rf2+ 43. Kg3 Qg1+ 44. Kh4 Bf6+ 45. Qxf6+ Rxf6 46. Rg3 Rf4+ 47. Kh5 Qxg3 0-1

[Event "*** Titled Tuesday 3|2 Blitz (Early)"]
[Site "Chess.com"]
[Date "2017.01.03"]
[Round "1"]
[White "HK1974"]
[Black "Lupul_Cenusiu"]
[Result "0-1"]
[WhiteElo "2169"]
[BlackElo "2468"]
[TimeControl "180+2"]
[EndTime "11:09:14 PST"]
[Termination "Lupul_Cenusiu won by resignation"]

1. e4 c5 2. Nf3 e6 3. Nc3 a6 4. g3 Nc6 5. Bg2 d6 6. O-O Nf6 7. d3 Be7 8. h3 Qc7 9. Nh2 b5 10. f4 Bb7 11. Be3 Nd4 12. Ne2 Nxe2+ 13. Qxe2 d5 14. e5 Nd7 15. d4 cxd4 16. Bxd4 Nc5 17. g4 Ne4 18. Rfd1 Rc8 19. c3 Bc5 20. Nf3 h5 21. a4 hxg4 22. hxg4 b4 23. cxb4 Bxb4 24. Qe3 Qd7 25. Rdc1 Rxc1+ 26. Qxc1 O-O 27.
Qe3 Rc8 28. b3 Rc2 29. Rc1 Qc6 30. Rxc2 Qxc2 31. Ng5 Qd1+ 32. Kh2 Nxg5 33. fxg5 Qxg4 34. Bh3 Qh5 35. Kg3 Be7 36. Qc3 Bxg5 37. Qc7 Qh4+ 38. Kg2 Qe4+ 39. Kf1 Qxd4 40. Qxb7 Qd3+ 41. Kg2 Qe2+ 42.
Kh1 Qf3+ 43. Bg2 Qh5+ 0-1

[Event "*** Titled Tuesday 3|2 Blitz (Early)"]
[Site "Chess.com"]
[Date "2017.01.03"]
[Round "1"]
[White "dretch"]
[Black "DARIO555"]
[Result "1/2-1/2"]
[WhiteElo "2577"]
[BlackElo "2317"]
[TimeControl "180+2"]
[EndTime "11:09:18 PST"]
[Termination "Game drawn by agreement"]

1. d4 d6 2. Nf3 Bg4 3. e4 c6 4.
Be2 Nd7 5. O-O e5 6. Be3 Be7 7. Nbd2 h6 8. c3 Ngf6 9. Qb3 Qc7 10. h3 Bh5 11. Rfe1 O-O 12. Nh4 Bxe2 13. Rxe2 Rfe8 14. f4 Nxe4 15. Nxe4 Bxh4 16. fxe5 dxe5 17. Rf1 Nf6 18.
Bxh6 exd4 19. Nxf6+ Bxf6 20. Ref2 Re7 21. Rxf6 gxf6 22.
Qd1 Re4 23. Qf3 Qe5 24. cxd4 Rxd4 25. Bf4 Rxf4 26. Qxf4 Qxf4 27. Rxf4 Kg7 28. Rg4+ Kh6 29. Rf4 Kg6 30. Kf2 Rd8 31. Ke2 Rd5 32. h4 f5 33.
Ra4 a6 34. Rf4 Re5+ 35. Kd3 b5 36. g3 c5 37. b3 Rd5+ 38. Ke2 f6 39. a4 Re5+ 40.
Kd3 Rd5+ 41. Ke2 Re5+ 1/2-1/2

[Event "*** Titled Tuesday 3|2 Blitz (Early)"]
[Site "Chess.com"]
[Date "2017.01.03"]
[Round "1"]
[White "Vrolijk"]
[Black "Gordima"]
[Result "0-1"]
[WhiteElo "2256"]
[BlackElo "2476"]
[TimeControl "180+2"]
[EndTime "11:09:19 PST"]
[Termination "Gordima won by checkmate"]

1. e4 c5 2. Nf3 d6 3. d4 cxd4 4. Nxd4 Nf6 5. Nc3 a6 6. g3 e5 7. Nf3 Be7 8. Bg2 O-O 9. O-O Nbd7 10. Nh4 g6 11. Bh6 Re8 12. Qd2 Ng4 13. Nf3 Nxh6 14.
Qxh6 Bf8 15. Qd2 Nf6 16. Rad1 Qc7 17. Ne1 Bg4 18. Bf3 Be6 19. Ng2 Bh3 20. Rfe1 Qb6 21. b3 Bxg2 22. Kxg2 Rac8 23. Na4 Qc7 24. c4 b5 25. cxb5 axb5 26. Rc1 Qb7 27. Nc3 b4 28.
Na4 Rxc1 29. Qxc1 d5 30. exd5 e4 31. Be2 Nxd5 32. Bc4 Nf6 33. Kg1 Kg7 34. Qe3 Bd6 35.
Rd1 Bb8 36. Nc5 Qc6 37. Na6 Bd6 38. Qd4 Bf8 39. Qa7 Be7 40. Nxb4 Bxb4 41. Qxf7+ Kh6 42.
Bb5 Qxb5 43. Qxf6 Qe5 44. Qf7 e3 45. f4 e2 46. Re1 Qe3+ 47. Kg2 Bxe1 48. g4 Qe4+ 49.
Kh3 Qf3# 0-1

[Event "*** Titled Tuesday 3|2 Blitz (Early)"]
[Site "Chess.com"]
[Date "2017.01.03"]
[Round "1"]
[White "FrankieJay"]
[Black "RobertoJBM"]
[Result "1-0"]
[WhiteElo "2291"]
[BlackElo "2490"]
[TimeControl "180+2"]
[EndTime "11:09:20 PST"]
[Termination "FrankieJay won on time"]

1. e4 c6 2. d4 d5 3. e5 Bf5 4.
Nf3 e6 5. Be2 Nd7 6. O-O h6 7.
Nbd2 Ne7 8. a4 Bg6 9. a5 a6 10.
b4 Nf5 11. c3 Be7 12. Nb3 O-O 13. Ne1 f6 14. f4 fxe5 15. fxe5 Qc7 16. Nd3 Bg5 17.
Bxg5 hxg5 18. Qd2 Qd8 19. Nbc5 Nxc5 20. Nxc5 Qe7 21. Bg4 Rf7 22. Rf2 Raf8 23. Raf1 Kh7 24. Qe2 Kh8 25. Bh5 Bxh5 26. Qxh5+ Kg8 27. Qg6 Ne3 28.
Rxf7 Rxf7 29. Rxf7 Qxf7 30. Qxe6 Qxe6 31. Nxe6 Nd1 32.
Nd8 Nxc3 33. Nxb7 Ne2+ 34. Kf2 Nxd4 35. Nc5 Kf7 36. Nxa6 Ke6 37. Nc7+ Kxe5 38. a6 Kd6 39. a7 Kxc7 40. a8=Q Ne6 41. Qa7+ Kd6 42. g3 Nc7 43. Qc5+ Kd7 44. Qf8 Ne6 45. Qf7+ Kd6 46. Ke3 Ke5 47.
g4 d4+ 48. Kd3 g6 49. Qe7 Kd5 50. Qf7 Ke5 51. Kc4 d3 52. Kxd3 1-0